[Event "*** Titled Tuesday Blitz"]
[Site "Chess.com"]
[Date "2021.03.02"]
[Round "1"]
[White "GregShahade"]
[Black "RaphCamora"]
[Result "0-1"]
[WhiteElo "2645"]
[BlackElo "2362"]
[TimeControl "180+1"]
[EndTime "10:08:24 PST"]
[Termination "RaphCamora won by checkmate"]

1. e4 c5 2. Nf3 Nc6 3. d4 cxd4 4. Nxd4 Nf6 5. Nc3 e5 6. Ndb5 d6 7.
Bg5 a6 8. Na3 b5 9. Nd5 Be7 10.
Bxf6 Bxf6 11. c4 Nd4 12. cxb5 Be6 13. Bc4 axb5 14. Nxb5 Bxd5 15. exd5 Qa5+ 16. Nc3 Qb4 17. Qd3 O-O 18. O-O Rfc8 19. Bb3 Nxb3 20. axb3 Qxb3 21. Rxa8 Rxa8 22. Qb5 Rb8 23. Qc6 Be7 24. Ne4 Rb6 25.
Qc7 Bf8 26. Ng5 Rb7 27. Qc6 h6 28. Ne4 Qxb2 29. h4 Rb6 30. Qd7 Qb5 31. Qg4 Kh8 32.
Rd1 Qb3 33. Ng3 Rb4 34. Qe2 Rxh4 35. Nf5 Rf4 36. Ne3 Re4 37. Qf3 Rd4 38. Re1 Rf4 39. Qg3 g6 40. Qh3 Kh7 41. g3 Rf6 42. Ng4 Rf5 43. Qg2 Qf3 44. Qxf3 Rxf3 45. Ne3 e4 46. Rc1 Bg7 47. Rc7 Bd4 48. Kg2 Bxe3 49. fxe3 Kg7 50.
Rd7 Rxe3 51. Rxd6 Rd3 52. Kf2 f5 53. Rd7+ Kf6 54. Rd6+ Kg5 55. Rd8 Kg4 56. Rd6 g5 57. Rxh6 Rxd5 58. Rg6 Rd2+ 59. Ke3 Rd3+ 60. Kf2 Rxg3 61.
Ke2 Rf3 62. Rg8 f4 63. Rg7 e3 64. Rh7 Rf2+ 65. Ke1 Ra2 66. Rb7 Kf3 67. Rb1 Rh2 68. Kf1 Rh1# 0-1

[Event "*** Titled Tuesday Blitz"]
[Site "Chess.com"]
[Date "2021.03.02"]
[Round "1"]
[White "gixfantastix"]
[Black "tomsishere"]
[Result "0-1"]
[WhiteElo "2032"]
[BlackElo "2492"]
[TimeControl "180+1"]
[EndTime "10:08:25 PST"]
[Termination "tomsishere won by resignation"]

1. e4 b6 2. d4 Bb7 3. Bd3 e6 4. Qe2 c5 5. c3 cxd4 6. cxd4 Nc6 7. Nf3 Nf6 8. a3 Be7 9. Nc3 d6 10. O-O O-O 11. Rd1 e5 12. Ba6 Qc8 13. Bxb7 Qxb7 14.
Bg5 Rfe8 15. Rd2 exd4 16. Nxd4 Nxe4 17. Nxe4 Bxg5 18. Qg4 Rxe4 19. Qxe4 Bxd2 20. Nxc6 Kf8 21. Rd1 Re8 22. Qd5 Bf4 23. g3 Rc8 24. Qf5 Qxc6 25. Qxf4 d5 26. Qf5 Rd8 27. Qxh7 Qf6 28. Re1 g6 29. Qh6+ Qg7 30. Qd2 d4 31. Qb4+ Kg8 32. Qe7 Qf8 33. Qxa7 Qc5 34. Rd1 d3 35. Qa4 Rd4 36.
Qb3 Qd6 37. Rd2 Qe5 38. Qc3 Qe1+ 39. Kg2 Qe4+ 40. Kg1 Qd5 41. b4 Rc4 42. Qxd3 Rc1+ 43. Rd1 Rxd1+ 44. Qxd1 Qxd1+ 45. Kg2 Qa4 46. h4 Qxa3 47.
h5 Qxb4 48. hxg6 Qe4+ 49. Kh2 Qxg6 50. Kh3 b5 51. Kh4 b4 52. f4 b3 53. g4 Qb6 54.
f5 b2 55. g5 b1=Q 56. Kh5 Qh1+ 57. Kg4 Qbg1+ 58. Kf4 Qhh2+ 59. Ke4 Qe1+ 60. Kd5 Qhd2+ 0-1

[Event "*** Titled Tuesday Blitz"]
[Site "Chess.com"]
[Date "2021.03.02"]
[Round "1"]
[White "NiranjanNavalgund"]
[Black "ShimanovAlex"]
[Result "1-0"]
[WhiteElo "2435"]
[BlackElo "2797"]
[TimeControl "180+1"]
[EndTime "10:08:28 PST"]
[Termination "NiranjanNavalgund won by resignation"]

1. d4 d5 2. c4 e5 3. dxe5 Ne7 4. cxd5 Qxd5 5. Qxd5 Nxd5 6. Nf3 Nc6 7. Bd2 Bg4 8. Nc3 Ndb4 9. O-O-O Bxf3 10. gxf3 Nxe5 11. a3 Nbc6 12. Bh3 Rd8 13. Bf4 Bd6 14. Bg3 a6 15. Ne4 Ke7 16. Nxd6 Rxd6 17. Rxd6 cxd6 18. Rd1 f6 19. f4 Nf7 20. e3 h5 21. f3 Rd8 22.
Bf5 Rh8 23. h4 Nh6 24. Bg6 Nf7 25. Kc2 Nfd8 26. Be4 Nf7 27. Bg6 Ncd8 28. Kb3 Rh6 29. Bf5 g6 30. Bc8 f5 31. Rc1 d5 32.
Be1 Rh7 33. Bb4+ Ke8 34. a4 Nh6 35. Rc5 Ng8 36. Ba5 Nc6 37. Bc3 Re7 38. Bd2 d4 39.
exd4 Nxd4+ 40. Ka2 Nxf3 41. Bc3 Nxh4 42. a5 Ng2 43. Be5 h4 44. Rc3 Nh6 45. Bf6 Rf7 46. Bg5 Ng8 47. Be6 Ne7 48. Bxf7+ Kxf7 49. Rc7 h3 50.
Rxe7+ Kg8 51. Rd7 Ne3 52. Rd2 Nf1 53. Rf2 Ne3 54. Rh2 Nc4 55. Rxh3 Nxa5 56. Bf6 Kf7 57. Be5 Ke6 58. Rh7 b5 59. Rg7 Kd5 60. Rxg6 Nc4 61.
Rxa6 Nxe5 62. fxe5 Kxe5 63. Ra5 f4 64. Rxb5+ Ke6 65. Rb8 Ke7 66. Rb4 1-0

[Event "*** Titled Tuesday Blitz"]
[Site "Chess.com"]
[Date "2021.03.02"]
[Round "1"]
[White "Cptn2"]
[Black "FGHSMN"]
[Result "0-1"]
[WhiteElo "2345"]
[BlackElo "2669"]
[TimeControl "180+1"]
[EndTime "10:08:28 PST"]
[Termination "FGHSMN won by checkmate"]

1. e4 c5 2. Nf3 e6 3. c4 a6 4.
Nc3 Qc7 5. Be2 Nc6 6. d4 cxd4 7.
Nxd4 Nf6 8. O-O Be7 9. Be3 O-O 10.
f3 d6 11. Qd2 Bd7 12. Rac1 Rac8 13. Rfd1 Rfd8 14. Bf1 Qb8 15. Qf2 Ne5 16. b3 h6 17. h3 Ng6 18. f4 e5 19. fxe5 dxe5 20. Nf5 Bxf5 21. exf5 Nf4 22. g3 N4h5 23. Be2 e4 24. Kg2 Bd6 25. Bxh5 Nxh5 26. Nxe4 Ba3 27. Rb1 Qe5 28. Qf3 Re8 29. Rd4 Nf6 30. Nxf6+ Qxf6 31. Rbd1 Bc5 32. Re4 Rxe4 33. Qxe4 Bxe3 34. Qxe3 Qxf5 35.
Rd2 b5 36. Qd4 bxc4 37. bxc4 Qe6 38. Rc2 Qc6+ 39. Kh2 Re8 40. Qf2 Rd8 41. c5 Rd5 42.
h4 h5 43. a4 Re5 44. a5 Rd5 45. Qe3 Kf8 46. Qf4 Rd1 47. Qb8+ Ke7 48. Re2+ Kf6 49. Qf4+ Kg6 50. Qg5+ Kh7 51. Qxh5+ Kg8 52. Kh3 Rh1+ 53. Kg4 g6 54. Qe5 Qd7+ 55. Kg5 Kh7 56. Qf4 Rd1 57. Re5 Rd3 58. h5 Rd4 59. Qf6 Rg4# 0-1

[Event "*** Titled Tuesday Blitz"]
[Site "Chess.com"]
[Date "2021.03.02"]
[Round "1"]
[White "Smirnov_Pavel"]
[Black "Superfelix"]
[Result "1-0"]
[WhiteElo "2847"]
[BlackElo "2432"]
[TimeControl "180+1"]
[EndTime "10:08:30 PST"]
[Termination "Smirnov_Pavel won on time"]

1. d4 Nf6 2. c4 g6 3. Nf3 Bg7 4. g3 O-O 5. Bg2 d5 6. O-O dxc4 7. Na3 Nc6 8. Nxc4 Be6 9. b3 Bd5 10. Bb2 a5 11. a3 a4 12. Ncd2 axb3 13. Nxb3 b6 14. Rc1 Na5 15. Nbd2 Ne4 16. Nxe4 Bxe4 17.
Re1 c5 18. e3 c4 19. Nd2 Bxg2 20. Kxg2 b5 21. Qf3 e6 22. Bc3 Qd5 23. Qxd5 exd5 24.
Rb1 Rfb8 25. a4 Nb3 26. Nxb3 cxb3 27. Rxb3 bxa4 28. Rxb8+ Rxb8 29. Ra1 Rb3 30. Rxa4 Rxc3 31. Ra5 f5 32. Rxd5 Rc7 33. Ra5 Kf7 34. Kf3 Bf6 35. h3 h5 36. g4 hxg4+ 37. hxg4 fxg4+ 38. Kxg4 Rc2 39. f4 Rg2+ 40. Kf3 Rd2 41. Ke4 Be7 42. Ra7 Ke6 43. Ra6+ Bd6 44. Ra8 Rd1 45. Rg8 Kf7 46. Ra8 Ke6 47. Ra7 Rd2 48. Rg7 Kf6 49. Rh7 Rd1 50. Kd5 Be7 51. e4 Ba3 52. e5+ Kf5 53. Rf7+ Kg4 54. Rf6 Bb2 55. Rxg6+ Kxf4 56. e6 Rxd4+ 57.
Kc6 Re4 58. Kd7 Ba3 59. Rg7 Kf5 60. e7 Rd4+ 61. Kc8 Rc4+ 62. Kd7 Rd4+ 63. Kc8 Bxe7 64. Rxe7 Kf6 65. Rd7 Kf5 66. Rxd4 1-0

[Event "*** Titled Tuesday Blitz"]
[Site "Chess.com"]
[Date "2021.03.02"]
[Round "1"]
[White "13MiRacLe"]
[Black "kai_nov"]
[Result "1-0"]
[WhiteElo "2723"]
[BlackElo "2391"]
[TimeControl "180+1"]
[EndTime "10:08:32 PST"]
[Termination "13MiRacLe won by resignation"]

1. e4 c5 2. Nf3 Nc6 3. d4 cxd4 4.
Nxd4 Nf6 5. Nc3 e5 6. Ndb5 d6 7. Bg5 a6 8. Na3 b5 9. Bxf6 gxf6 10. Nd5 f5 11. g3 Bg7 12. exf5 Bxf5 13. Bg2 Be6 14.
c3 O-O 15. Nc2 a5 16. O-O f5 17.
Nf4 exf4 18. Bxc6 fxg3 19. hxg3 Rc8 20. Bd5 Bxd5 21. Qxd5+ Kh8 22. Nd4 Rc5 23. Qf3 Bxd4 24. cxd4 Rc2 25. Qb3 Qc7 26. Qxb5 f4 27. Qd3 Rxb2 28.
d5 Qg7 29. a4 Rb4 30. Rae1 Rd4 31. Qb3 Rb4 32. Qd3 Rxa4 33. Re6 Rd4 34. Qb3 fxg3 35. fxg3 Rg4 36. Rxf8+ Qxf8 37. Qc3+ Kg8 38.
Qe3 Qf5 39. Re8+ Kg7 40. Qe7+ Kh6 41. Qe6+ Qxe6 42. Rxe6+ Rg6 43. Re4 Rg5 44. Rd4 Re5 45. Kf2 Kg5 46. Kf3 h5 47. Rd3 Kf5 48. Rd4 Kg5 49. Rd3 Rf5+ 50. Ke4 Re5+ 51. Kd4 Kg4 52. Ra3 Rf5 53. Rxa5 Kxg3 54. Ra6 Kg4 55. Rxd6 h4 56.
Rg6+ Kf4 57. Rh6 Kg5 58. Rh8 Rf6 59. Kc5 Rh6 60. Rxh6 Kxh6 61. d6 h3 62. d7 h2 63.
d8=Q h1=Q 64. Qh8+ Kg6 65. Qxh1 1-0

[Event "*** Titled Tuesday Blitz"]
[Site "Chess.com"]
[Date "2021.03.02"]
[Round "1"]
[White "zmeeed67"]
[Black "Beca95"]
[Result "0-1"]
[WhiteElo "2442"]
[BlackElo "2880"]
[TimeControl "180+1"]
[EndTime "10:08:34 PST"]
[Termination "Beca95 won on time"]

1. d4 Nf6 2. c4 c5 3. d5 e6 4. Nc3 exd5 5. cxd5 d6 6. Nf3 g6 7. Bf4 a6 8. a4 Bg7 9. h3 O-O 10. e3 Ne8 11. Nd2 Nd7 12. Nc4 Ne5 13. Bxe5 Bxe5 14.
Nxe5 dxe5 15. Be2 Nd6 16. O-O Qg5 17. Kh2 Bd7 18. a5 c4 19. Rc1 Rac8 20. Na4 Bb5 21. Nb6 Rc7 22. Qe1 e4 23. Qc3 h5 24. Qd4 c3 25.
Bxb5 Nxb5 26. Qb4 Qe5+ 27. Kg1 cxb2 28. Rxc7 Qxc7 29. Qxb2 Qc3 30. Qa2 h4 31. Rd1 Rd8 32. Qd2 Kg7 33. Qxc3+ Nxc3 34. Rd2 Kf6 35. Kf1 Nb5 36.
Rc2 Ke7 37. Ke2 f5 38. Kd2 Kd6 39. Rc4 g5 40. f3 exf3 41. gxf3 Rg8 42. Ke2 Ke5 43. Kf2 Kd6 44. Rc2 g4 45. fxg4 fxg4 46. hxg4 Rxg4 47. Kf3 Rg3+ 48. Kf4 Rg8 49. Rh2 Rh8 50. Kg4 Nc3 51. Rxh4 Rxh4+ 52. Kxh4 Nxd5 53. Nc4+ Kc5 54. Ne5 Nxe3 55. Kg5 Nc4 56. Nd3+ Kd4 57. Nf4 Nxa5 58. Kf5 b5 59. Ne6+ Kc4 60. Ke4 Nc6 61. Ke3 a5 62. Kd2 b4 63. Kc1 a4 64. Nf4 Nd4 65. Kb1 a3 66. Ng2 Kd3 67. Ne1+ Kc3 68. Ka2 b3+ 69. Kxa3 Nc2+ 70. Nxc2 bxc2 0-1

[Event "*** Titled Tuesday Blitz"]
[Site "Chess.com"]
[Date "2021.03.02"]
[Round "1"]
[White "Problematique_99"]
[Black "platy3"]
[Result "1/2-1/2"]
[WhiteElo "2432"]
[BlackElo "2830"]
[TimeControl "180+1"]
[EndTime "10:08:36 PST"]
[Termination "Game drawn - insufficient material"]

1. Nf3 Nf6 2. g3 d5 3. Bg2 g6 4. O-O Bg7 5. d4 O-O 6. Nbd2 c6 7. c3 Nbd7 8. Re1 b6 9. e4 dxe4 10.
Nxe4 Bb7 11. Nxf6+ Nxf6 12. Ne5 Rc8 13. Qb3 Nd5 14. c4 Nf6 15. Be3 e6 16. Rad1 Qe7 17. Qa4 Qc7 18. h3 b5 19. Qxa7 bxc4 20. Nxc4 Nd5 21. Na5 Ra8 22. Qxb7 Qxa5 23. Qxc6 Rfc8 24. Qd6 Ra6 25. Qa3 Qxa3 26. bxa3 Rxa3 27. Bxd5 exd5 28. Rc1 Rd8 29. Re2 Ra4 30. Rd2 Bf6 31. Rc5 h5 32. h4 Kg7 33. Kg2 Rd7 34. Rb2 Bxd4 35. Bxd4+ Rxd4 36. Rcc2 Rd1 37. Rd2 Rc1 38. Rbc2 Ra1 39.
Rd4 Kf6 40. Rcd2 Ke5 41. f4+ Ke6 42. a4 Ra3 43. Kf2 Rc3 44. Kg2 Rc5 45. Kf2 Ra5 46. Kf3 Kd6 47. R2d3 Kc5 48. f5 Kd6 49. Kf4 Ke7 50.
Kg5 Rd6 51. fxg6 fxg6 52. Re3+ Kd7 53. Rf3 Rc6 54. Rf6 Rc4 55. Rff4 Rc6 56. Rf6 Rc4 57. Rff4 Raxa4 58. Rxd5+ Ke6 59. Rxc4 Rxc4 60. Ra5 Rg4+ 61.
Kh6 Rxg3 62. Ra6+ Kf5 63. Ra5+ Kg4 64. Kxg6 Kxh4+ 65. Kh6 Kg4 66. Rxh5 Rh3 67. Rxh3 Kxh3 1/2-1/2

[Event "*** Titled Tuesday Blitz"]
[Site "Chess.com"]
[Date "2021.03.02"]
[Round "1"]
[White "Shahaliyev"]
[Black "Politov_Pavel"]
[Result "1/2-1/2"]
[WhiteElo "2724"]
[BlackElo "2405"]
[TimeControl "180+1"]
[EndTime "10:08:36 PST"]
[Termination "Game drawn by stalemate"]

1. e4 e5 2. Nf3 Nc6 3. Bb5 a6 4. Ba4 Nf6 5. d3 Bc5 6. Bxc6 dxc6 7. Qe2 Bd6 8. h3 O-O 9. Nbd2 Re8 10. Nc4 b5 11. Ne3 Be6 12. Bd2 c5 13. a4 c4 14.
O-O cxd3 15. cxd3 c5 16. Rfc1 Bb3 17. axb5 axb5 18. Rxa8 Qxa8 19. Nf5 Bf8 20. Be3 Qc6 21. Nd2 Be6 22. b4 c4 23. dxc4 Nxe4 24. Nxe4 Qxe4 25.
Ng3 Qh4 26. cxb5 Qxb4 27. b6 f5 28. Nf1 f4 29. Bd2 Qxb6 30. Qxe5 f3 31. Ng3 fxg2 32. Be3 Qb7 33. Rc7 Qb1+ 34. Rc1 Qg6 35. h4 Bf7 36. Qg5 Qd3 37. Nf5 Bg6 38. Ng3 h6 39. Qg4 Rxe3 40. fxe3 Qxe3+ 41. Kxg2 Qd2+ 42. Kh3 Qxc1 43. Qxg6 Qc8+ 44.
Qg4 Qxg4+ 45. Kxg4 Kf7 46. h5 Be7 47. Nf5 Bf6 48.
Nd6+ Ke6 49. Nf5 Ke5 50. Ng3 Ke6 51. Nf5 Kf7 52. Ng3 Bg5 53. Nf5 Kf6 54. Nxg7 Kxg7 55. Kh3 Kf6 56. Kg2 Kf5 57. Kh1 Kg4 58. Kg1 Kxh5 59.
Kh1 Kg6 60. Kg1 Kf5 61. Kh1 Kg4 62. Kg1 h5 63. Kh1 Kf3 64. Kg1 Bh4 65. Kh1 Ke2 66. Kg1 Ke1 67. Kh1 Kf1 68. Kh2 Bf2 69. Kh1 Be3 70. Kh2 Bf4+ 71. Kh1 Bg5 72. Kh2 Kf2 73.
Kh1 Kg3 74. Kg1 Be3+ 75. Kh1 Bf4 76. Kg1 h4 77. Kh1 h3 78. Kg1 h2+ 79. Kh1 Kh4 80. Kg2 Kg4 81. Kh1 Kg3 1/2-1/2

[Event "*** Titled Tuesday Blitz"]
[Site "Chess.com"]
[Date "2021.03.02"]
[Round "1"]
[White "erdni1993"]
[Black "TigrVShlyape"]
[Result "0-1"]
[WhiteElo "2443"]
[BlackElo "2892"]
[TimeControl "180+1"]
[EndTime "10:08:37 PST"]
[Termination "TigrVShlyape won by resignation"]

1. e4 c5 2. Nf3 e6 3. d4 cxd4 4. Nxd4 a6 5. Bd3 g6 6. O-O Bg7 7.
c3 Nf6 8. Bg5 h6 9. Be3 d6 10.
Qd2 Nbd7 11. f3 b6 12. Na3 Qc7 13. Rad1 Bb7 14. Bb1 d5 15. exd5 Bxd5 16. Rfe1 b5 17. Kh1 Qb7 18. Bf4 g5 19. Bd6 Bf8 20. Nf5 Qc6 21.
Bxf8 Kxf8 22. Nd4 Qc7 23. Nac2 Qf4 24. Ne3 Bb7 25. Nf1 Qxd2 26. Rxd2 Kg7 27. Ne3 Nb6 28.
Red1 Rhe8 29. a3 Rac8 30. Nb3 Nbd5 31. Nxd5 Bxd5 32. Na5 h5 33. Bc2 h4 34. Bb3 Rh8 35.
Bxd5 Nxd5 36. Rd4 h3 37. g3 Kg6 38. Kg1 f5 39. Kf2 Kf6 40. Nb3 Rc4 41. Na5 Rxd4 42. Rxd4 Rc8 43. c4 Nb6 44. cxb5 Rc2+ 45.
Ke3 axb5 46. Rd2 Nd5+ 47. Kd3 Rc1 48. Nb3 Re1 49. Nd4 Re3+ 50. Kc2 b4 51. a4 Ke5 52. a5 b3+ 53. Kd1 Nb4 54. Nb5 Rxf3 55. Nc3 Rf1+ 56. Ke2 Rc1 57. Nd1 g4 58. Ne3 Ke4 59. Rd8 Nd5 60.
Nxd5 exd5 61. a6 Ra1 62. Re8+ Kd4 63. Re6 Ra2 64. Kd1 Kd3 65. Ke1 Rxb2 66. a7 Ra2 67. Rb6 Kc3 68. Rb8 b2 69. a8=Q Rxa8 70. Rxa8 b1=Q+ 71.
Ke2 0-1

[Event "*** Titled Tuesday Blitz"]
[Site "Chess.com"]
[Date "2021.03.02"]
[Round "1"]
[White "Ze-Pequeno"]
[Black "KononenkoD"]
[Result "1-0"]
[WhiteElo "2230"]
[BlackElo "2517"]
[TimeControl "180+1"]
[EndTime "10:08:38 PST"]
[Termination "Ze-Pequeno won by checkmate"]

1. e4 c6 2. b3 d5 3. Bb2 dxe4 4. Nc3 Nf6 5. Nge2 Bf5 6. Ng3 Bg6 7. Qe2 Nbd7 8.
Ncxe4 e6 9. O-O-O Qa5 10. Kb1 Ba3 11.
Bc3 Qc7 12. h4 Bxe4 13. Nxe4 a5 14. g4 Rg8 15. Bg2 Nd5 16. Ba1 a4 17. Ng5 h6 18. Nxe6 fxe6 19. Bxd5 cxd5 20. Qxe6+ Kf8 21. Rh3 Be7 22. Rf3+ Nf6 23. g5 axb3 24. axb3 hxg5 25. hxg5 Ra6 26. Qxd5 Qa5 27. Qxa5 Rxa5 28. gxf6 gxf6 29. Bxf6 Bxf6 30. Rxf6+ Ke7 31. Rb6 Rga8 32. Rxb7+ Kd6 33.
Kb2 Ra2+ 34. Kc3 Rc8+ 35. Kd3 Rcxc2 36. f4 Rc5 37. Rb4 Ke6 38. Rd4 Rb2 39. b4 Rcc2 40. Rc4 Rxc4 41. Kxc4 Rc2+ 42. Kd3 Ra2 43. b5 Kd5 44.
Rb1 Ra3+ 45. Ke2 Ra7 46. b6 Rb7 47. Ke3 Kc4 48. Ke4 Re7+ 49. Kf5 Rb7 50. Ke5 Kc5 51.
d4+ Kc6 52. d5+ Kd7 53. d6 Kc6 54. Rc1+ Kb5 55. Rb1+ Kc6 56. Ke6 Rb8 57. Rc1+ Kb7 58. d7 Rh8 59. Rc8 Rh6+ 60. Kd5 Rh5+ 61. Ke4 Rh4 62.
d8=Q Rh1 63. Qc7+ Ka6 64. Ra8+ Kb5 65. Qd7+ Kc5 66. Qd5+ Kb4 67. b7 Re1+ 68. Kf5 Rf1 69. b8=Q+ Kc3 70. Qc7+ Kb2 71. Qb5# 1-0

[Event "*** Titled Tuesday Blitz"]
[Site "Chess.com"]
[Date "2021.03.02"]
[Round "1"]
[White "Chernobay_Artem"]
[Black "kidagent"]
[Result "1-0"]
[WhiteElo "2637"]
[BlackElo "2328"]
[TimeControl "180+1"]
[EndTime "10:08:39 PST"]
[Termination "Chernobay_Artem won by resignation"]

1. d4 d5 2. c4 c6 3. Nf3 Nf6 4. Nc3 dxc4 5. a4 Bf5 6. e3 e6 7. Bxc4 Bb4 8. O-O O-O 9. Qe2 Bg6 10.
Ne5 Nbd7 11. Nxg6 hxg6 12. Rd1 Qe7 13. e4 e5 14. d5 Rac8 15. dxc6 bxc6 16. a5 Nc5 17.
Bg5 Ne6 18. Be3 Bxc3 19. bxc3 Nxe4 20. Qc2 Nf6 21. Rab1 Rfd8 22. Rxd8+ Rxd8 23. a6 Nd5 24. Bd2 Qc5 25. Bf1 Nb6 26. Be3 Qa5 27. Qb3 Nc5 28.
Qb4 Qxb4 29. cxb4 Nca4 30. Rc1 Rd6 31. g3 Nc8 32. Bg2 Nb2 33. Rxc6 Rxc6 34. Bxc6 Nd3 35. b5 Nb4 36. Bb7 Nd6 37. b6 Nxa6 38. bxa7 Nc7 39. a8=Q+ Nxa8 40. Bxa8 f5 41. Bd5+ Kh7 42. Bc5 Ne8 43.
Kg2 Nf6 44. Bc6 g5 45. Bd6 e4 46. Be7 Kg6 47. Bxf6 Kxf6 48. Kf1 Ke5 49. Ke2 Kd4 50. Bd7 Ke5 51. f3 f4 52. g4 e3 53. Kd3 Kf6 54.
Bb5 Kg6 55. Bc4 Kh6 56. Ke4 Kg6 57. Ke5 Kh6 58. Kf5 g6+ 59. Kf6 Kh7 60. Kxg5 1-0

[Event "*** Titled Tuesday Blitz"]
[Site "Chess.com"]
[Date "2021.03.02"]
[Round "1"]
[White "Vugar_Manafov"]
[Black "kingandqueen2017"]
[Result "1-0"]
[WhiteElo "2628"]
[BlackElo "2319"]
[TimeControl "180+1"]
[EndTime "10:08:40 PST"]
[Termination "Vugar_Manafov won by resignation"]

1. Nf3 d5 2. g3 Nf6 3. Bg2 Bg4 4. O-O Nbd7 5. d3 e5 6. Nc3 c6 7. e4 dxe4 8. dxe4 Qc7 9. h3 Bh5 10. Qe2 Bc5 11. Rd1 O-O 12. g4 Bg6 13. Nh4 Rfd8 14.
Nf5 Nf8 15. Bg5 Ne6 16. h4 Nxg5 17. hxg5 Nd7 18. Na4 Bf8 19. c4 a6 20. Rac1 b5 21.
cxb5 axb5 22. Nc3 Qb6 23. a3 Nc5 24. Qe3 Nd7 25. Qf3 Nc5 26. Qe3 Na4 27. Nxa4 Rxd1+ 28. Rxd1 Qxe3 29. fxe3 Rxa4 30. Rd8 Bxf5 31. gxf5 Rc4 32.
Rd2 h6 33. g6 fxg6 34. fxg6 Rc1+ 35. Kf2 h5 36. Bh3 Be7 37. Rd7 Kf8 38. Rc7 Rc2+ 39. Kf1 Ke8 40. Rc8+ Bd8 41. b4 Rc3 42. Ke2 Ke7 43.
Ra8 Bc7 44. Rg8 Kf6 45. Bf5 Bd6 46. Rd8 Be7 47. Rc8 h4 48. Kf2 h3 49. Bxh3 Kxg6 50. Bd7 Kf6 51. Bxc6 Rxa3 52. Bxb5 Bxb4 53. Rc6+ Ke7 54. Rc7+ Kd6 55. Rxg7 Bc5 56. Rg3 Ra2+ 57. Be2 Ra3 58. Rg6+ Kc7 59. Rg3 Kd6 60. Bc4 Rc3 61. Bd5 Rc2+ 62. Kf3 Rc3 63. Ke2 Rc2+ 64. Kd3 Rb2 65.
Rg6+ Kd7 66. Kc3 Re2 67. Rg7+ Kd6 68. Rg6+ Kd7 69. Kc4 Bxe3 70. Be6+ Ke7 71. Bg4 Bd4 72. Bxe2 1-0

[Event "*** Titled Tuesday Blitz"]
[Site "Chess.com"]
[Date "2021.03.02"]
[Round "1"]
[White "Nuvas"]
[Black "KRSilva"]
[Result "1-0"]
[WhiteElo "2539"]
[BlackElo "2222"]
[TimeControl "180+1"]
[EndTime "10:08:41 PST"]
[Termination "Nuvas won by resignation"]

1. d4 Nf6 2. c4 e6 3. Nc3 d5 4. cxd5 exd5 5. Bg5 Be7 6. e3 c6 7. Bd3 Nbd7 8. Nge2 Nh5 9. Bxe7 Qxe7 10. g4 Nhf6 11. Ng3 Nb6 12. g5 Ng8 13. h4 h6 14.
Qf3 hxg5 15. hxg5 Rxh1+ 16. Qxh1 Be6 17. Qh7 Qf8 18. Nh5 O-O-O 19. Qxg7 Qb4 20. O-O-O Ne7 21.
Nf4 Qd6 22. Rh1 Rg8 23. Rh8 Rxh8 24. Qxh8+ Kc7 25. Qf6 Nd7 26. Nxe6+ fxe6 27. Qf7 e5 28. Bh7 exd4 29. exd4 a6 30. a3 Kd8 31. Kb1 Qh2 32. g6 Qh6 33. f4 Qf8 34. f5 Qxf7 35. gxf7 Nf8 36. Bg6 Nexg6 37. fxg6 Nxg6 38. Na4 Kc7 39.
Nc5 Nf8 40. Kc2 a5 41. Kd3 b6 42. Na4 Ne6 43. b4 axb4 44. axb4 Kb7 45. Ke3 Ka6 46. Nc3 b5 47. Ne2 Kb7 48. Nf4 Nf8 49. Nd3 Kc7 50.
Kf4 Kd6 51. Kf5 Ke7 52. Ne5 Ne6 53. Nxc6+ Kxf7 54. Ke5 Nc7 55. Kd6 Ne8+ 56. Kxd5 Nf6+ 57. Kc5 Ne4+ 58. Kxb5 Ke6 59. Kc4 Kd6 60. Na5 Nd2+ 61. Kd3 Nf3 62. Nc4+ Kc6 63. Ne5+ Nxe5+ 64. dxe5 Kd5 65.
Kc3 Kxe5 66. Kc4 Kd6 67. Kb5 Kc7 68. Ka6 Kb8 69. Kb6 Kc8 70. Ka7 1-0

[Event "*** Titled Tuesday Blitz"]
[Site "Chess.com"]
[Date "2021.03.02"]
[Round "1"]
[White "carloseduar100"]
[Black "ShahMatKanal"]
[Result "1/2-1/2"]
[WhiteElo "2101"]
[BlackElo "2496"]
[TimeControl "180+1"]
[EndTime "10:08:41 PST"]
[Termination "Game drawn - insufficient material"]

1. d4 d5 2. c3 Qd6 3. Nf3 c6 4. g3 Nf6 5. Bg2 Bg4 6. O-O e6 7. Bf4 Qd8 8. Nbd2 Bd6 9. Ne5 Bh5 10. Re1 O-O 11. Qb3 Qb6 12. e4 Bxe5 13. dxe5 Nfd7 14.
exd5 cxd5 15. c4 Nc6 16. cxd5 exd5 17. Qxd5 Rad8 18. Nc4 Qd4 19. Qxd4 Nxd4 20. Bxb7 Nc2 21. Rac1 Nxe1 22. Rxe1 Nc5 23. Be4 Nxe4 24. Rxe4 Bf3 25.
Re1 Rd4 26. Nd6 Rb8 27. b3 a5 28. h3 h5 29. Nf5 Rd3 30. e6 Re8 31. exf7+ Kxf7 32. Ne3 a4 33. Rb1 a3 34. g4 h4 35. g5 Rd2 36.
Ng4 Rxa2 37. Ne5+ Rxe5 38. Bxe5 Rc2 39. b4 a2 40. Re1 Bd5 41. b5 Rc4 42. f4 Rb4 43.
Rd1 Rb1 44. Rf1 Rxf1+ 45. Kxf1 Bc4+ 46. Kf2 Bxb5 47. Kf3 Bd7 48. Ke4 Bxh3 49. f5 Bg2+ 50. Kf4 h3 51. Kg3 g6 52. fxg6+ Kxg6 53. Bf6 Bf1 54. Kh2 Kf5 55. Kg3 Bg2 56. Kh2 Kg6 57. Kg3 Kh5 58. Kh2 Kg4 59. g6 Bd5 60. g7 Bg8 61. Ba1 Kh5 62. Bb2 Kg6 63. Ba1 Kf7 64.
Bb2 Ke6 65. Ba1 Kd5 66. Kxh3 Kc4 67. Kg4 Kb3 68. Kg5 Kc2 69. Kf6 Kb1 70. Be5 a1=Q 71. Bxa1 Kxa1 72. Ke7 Bh7 73. Kf8 Kb2 74. g8=Q Bxg8 1/2-1/2

[Event "*** Titled Tuesday Blitz"]
[Site "Chess.com"]
[Date "2021.03.02"]
[Round "1"]
[White "Eliwood44"]
[Black "FairChess_on_YouTube"]
[Result "0-1"]
[WhiteElo "2459"]
[BlackElo "2934"]
[TimeControl "180+1"]
[EndTime "10:08:42 PST"]
[Termination "FairChess_on_YouTube won by checkmate"]

1. d4 Nf6 2. Nf3 c5 3. d5 b5 4. c3 Bb7 5. e4 a6 6. a4 Nxe4 7. axb5 Nf6 8. bxa6 Nxa6 9. Bc4 Nc7 10. Rxa8 Qxa8 11.
O-O Bxd5 12. Bxd5 Ncxd5 13. Bg5 e6 14. c4 Nb4 15. Ne5 d6 16. Bxf6 gxf6 17. Nd3 Nc6 18. Nc3 Nd4 19. Nb5 Nxb5 20. cxb5 Be7 21. b4 c4 22. Nf4 d5 23. Qh5 O-O 24. Qh6 Kh8 25.
Nh5 Rg8 26. Nxf6 Rg7 27. Nh5 Rg6 28. Qf4 Kg8 29. b6 Bd8 30. Qd6 Bh4 31. Qc7 Qd8 32.
Nf4 Rg4 33. g3 Kh8 34. Ra1 Rg8 35. Ra7 Qxc7 36. bxc7 Bg5 37. Ne2 d4 38. Nxd4 c3 39. Nc2 Bf6 40. Rb7 Be5 41. b5 Ra8 42. b6 Kg7 43.
Kg2 Bd6 44. Ra7 Re8 45. Rb7 Kf6 46. Nd4 Ke5 47. Nc2 Kd5 48. Kf3 Kc6 49. Rb8 Rxb8 50. cxb8=Q Bxb8 51. Ke3 Bd6 52. Kd3 Bc5 53. b7 Kxb7 54.
f3 Bg1 55. h3 Kc6 56. Kxc3 Bf2 57. g4 Kd5 58. Kd3 Ke5 59. Nb4 Kf4 60. Ke2 Kg3 61.
Nd3 Bd4 62. f4 Kxh3 63. f5 Kxg4 64. fxe6 fxe6 65. Kf1 Kf3 66. Nb4 e5 67. Nd5 e4 68.
Nb4 e3 69. Nd3 e2+ 70. Ke1 Bc3# 0-1

[Event "*** Titled Tuesday Blitz"]
[Site "Chess.com"]
[Date "2021.03.02"]
[Round "1"]
[White "FMalexhdez"]
[Black "karinachess1"]
[Result "0-1"]
[WhiteElo "2148"]
[BlackElo "2514"]
[TimeControl "180+1"]
[EndTime "10:08:50 PST"]
[Termination "karinachess1 won by resignation"]

1. e4 c5 2. Nf3 Nc6 3. d4 cxd4 4.
Nxd4 Qb6 5. Nb3 Nf6 6. Nc3 e6 7. Be3 Qc7 8. g3 a6 9. a4 Bb4 10. Bg2 Ne5 11. O-O O-O 12. Bd4 d6 13. a5 Bc5 14.
Bxe5 dxe5 15. Nxc5 Qxc5 16. Qd3 Bd7 17. Rfd1 Bc6 18. Qd6 Qxd6 19. Rxd6 Rfd8 20. Rad1 Rxd6 21. Rxd6 Kf8 22. f3 Ke7 23. Rd3 Nd7 24. Kf2 Rc8 25. Ke3 g5 26. Rd2 h6 27. Bf1 Nb8 28. Na2 Bd7 29.
c4 Nc6 30. b4 Nd4 31. Nc3 f6 32. f4 gxf4+ 33. gxf4 Rg8 34. fxe5 fxe5 35. Ne2 Nc6 36. b5 axb5 37. cxb5 Nxa5 38. Ng3 Rf8 39. Rc2 Rc8 40. Rxc8 Bxc8 41. Kd3 Bd7 42. Kc3 b6 43. Kb4 Nb7 44. Ne2 Nd6 45. Nc3 Kf6 46. Na4 Nc8 47. h4 Be8 48. Kc3 Bh5 49. Kd2 Bf3 50. Ke3 Bd1 51. Nc3 Bb3 52. Be2 Nd6 53. Kf3 Bc2 54. Ke3 Kg6 55. Kf3 Kf6 56. Ke3 Bb3 57. Kf3 Bc4 58.
Ke3 Bxe2 59. Kxe2 Kg6 60. Kf3 Kh5 61. Kg3 Kg6 62. Kg4 h5+ 63. Kg3 Kf6 64. Kf3 Kg6 65.
Kg3 Ne8 66. Kf3 Nc7 67. Kg3 Kf6 68. Kf3 Ke7 69. Ke3 Kd6 70. Kd3 Kc5 71. Ne2 Kxb5 72. Ng3 Kc5 73. Nxh5 Ne8 74. Nf6 Nxf6 0-1